[Event "Titled Tuesday Blitz May 24 Early 2022"]
[White "Bacrot, Etienne"]
[Black "Samunenkov, Ihor"]
[WhiteFideId "605506"]
[BlackFideId "14187086"]
[WhiteElo "2673"]
[BlackElo "2409"]
[Result "1-0"]
[Round "05"]
[TimeControl "180+1"]
[Date "2022.05.24"]
[WhiteClock "0:00:40"]
[BlackClock "0:00:03"]

1. e4 c6 2. Nf3 d5 3. Nc3 dxe4 4. Nxe4 Nf6 5. Qe2 Nxe4 6. Qxe4 Nd7 7. Bc4 Nf6 8. Qe2 Bf5 9. d3 e6 10. Bd2 Be7 11. h3 h6 12. Ne5 Qc7 13. g4 Bh7 14. O-O-O b5 15. Bb3 Nd5 16. f4 a5 17. Rde1 Bd6 18. f5 a4 19. Bxd5 cxd5 20. fxe6 fxe6 21. Ng6 Bxg6 22. Qxe6+ Kf8 23. Qxg6 Rc8 24. Rhf1+ Kg8 25. c3 a3 26. Qe6+ Kh7 27. Qf5+ Kg8 28. Qxd5+ Kh7 29. Rf7 axb2+ 30. Kxb2 Qc5 31. Qxc5 Rxc5 32. Re6 Rd8 33. d4 Rcc8 34. Bxh6 Bf8 35. Bg5 Rd5 36. Be7 Kg8 37. Rxf8+ Rxf8 38. Bxf8 Kxf8 39. Re5 1-0


[Site "https://www.chess.com"]

[Event "Titled Tuesday Blitz May 24 Early 2022"]
[White "Balint, Vilmos"]
[Black "Ambartsumova, Karina"]
[WhiteFideId "718050"]
[BlackFideId "4166299"]
[WhiteElo "2059"]
[BlackElo "2262"]
[Result "1-0"]
[Round "05"]
[TimeControl "180+1"]
[Date "2022.05.25"]
[WhiteClock "0:01:19"]
[BlackClock "0:00:17"]

1. e4 c5 2. Nf3 e6 3. Be2 Nc6 4. O-O Nf6 5. Nc3 Qc7 6. Re1 a6 7. d4 cxd4 8. Nxd4 Nxd4 9. Qxd4 Bc5 10. Qd3 d6 11. Be3 O-O 12. Rad1 Bxe3 13. Qxe3 b5 14. a3 Bb7 15. Rd2 Rfd8 16. Red1 d5 17. exd5 Nxd5 18. Nxd5 Bxd5 19. Bf3 Bxf3 20. Qxf3 h6 21. Rd7 Rxd7 22. Qxa8+ Kh7 23. Qe4+ g6 24. Rxd7 Qxd7 25. g3 h5 26. h4 Qd1+ 27. Kg2 Qd7 28. c3 Kg7 29. a4 bxa4 30. Qe5+ Kh7 31. Qf4 Qb7+ 32. Kh2 Qd7 33. c4 Kg7 34. c5 Qd5 35. Qc1 Qc6 36. Qc3+ Kg8 37. Qc4 Kf8 38. Qd4 Ke7 39. Qe5 f6 40. Qd4 Qd7 41. Qe4 Qd5 42. Qxg6 Qxc5 43. Qg7+ Kd6 44. Qxf6 a3 45. bxa3 Qxa3 46. Qf8+ 1-0


[Site "https://www.chess.com"]

[Event "Titled Tuesday Blitz May 24 Early 2022"]
[White "Barp, Alberto"]
[Black "Ibrahimli, Murad"]
[WhiteFideId "872555"]
[BlackFideId "13410229"]
[WhiteElo "2656"]
[BlackElo "2827"]
[Result "1-0"]
[Round "05"]
[TimeControl "180+1"]
[Date "2022.05.25"]
[WhiteClock "0:00:16"]
[BlackClock "0:00:01"]

1. Nf3 Nf6 2. g3 d5 3. Bg2 c6 4. O-O Bg4 5. h3 Bh5 6. d4 Nbd7 7. c4 e6 8. cxd5 exd5 9. Qb3 Qb6 10. Qe3+ Be7 11. Nh4 Bg6 12. Nc3 Qd8 13. Nxg6 hxg6 14. Rb1 a5 15. a3 O-O 16. b4 axb4 17. axb4 b5 18. Qd3 Nb6 19. e4 dxe4 20. Nxe4 Nbd5 21. Bd2 Ra4 22. Nc5 Bxc5 23. dxc5 Ne7 24. Qc2 Qc8 25. Rfe1 Ned5 26. Qb2 Re8 27. Rxe8+ Qxe8 28. Bf3 Qe6 29. Re1 Qxh3 30. Qd4 Ra2 31. Bg5 Qf5 32. Bxf6 Qxf3 33. Bxg7 f6 34. Bh6 Re2 35. Rxe2 Qxe2 36. Bf4 g5 37. Bd6 Kf7 38. Kg2 Ke6 39. Kh2 g4 40. Kg1 Kf5 41. Bf8 Qe1+ 42. Kh2 Qxb4 43. Qd3+ Qe4 44. Qd2 b4 45. Qh6 Ke6 46. Qg7 b3 47. Bd6 Qf3 48. Qg8+ Kd7 49. Qf7+ Kc8 50. Qe8+ Kb7 51. Qd7+ Ka6 52. Qxc6+ 1-0


[Site "https://www.chess.com"]

[Event "Titled Tuesday Blitz May 24 Early 2022"]
[White "Barria Zuniga, Daniel"]
[Black "Pranav, V"]
[WhiteFideId "3400816"]
[BlackFideId "25060783"]
[WhiteElo "2671"]
[BlackElo "2871"]
[Result "1-0"]
[Round "05"]
[TimeControl "180+1"]
[Date "2022.05.25"]
[WhiteClock "0:00:04"]
[BlackClock "0:00:03"]

1. c4 e5 2. g3 Nc6 3. Bg2 g6 4. Nc3 Bg7 5. Rb1 d6 6. b4 h5 7. b5 Nd4 8. e3 Ne6 9. h3 Ne7 10. Nge2 c6 11. bxc6 bxc6 12. Ba3 O-O 13. O-O Nf5 14. Bxc6 Bd7 15. Bxd7 Qxd7 16. Qa4 Qd8 17. Nd5 Ng5 18. Kg2 Kh7 19. d3 Qc8 20. Rh1 Qe6 21. Rb7 Kh8 22. e4 Nh6 23. Qd7 Rad8 24. Qxe6 fxe6 25. Ne7 Rf6 26. Bc1 Rdf8 27. Rf1 Nf3 28. Be3 Nf7 29. Rxa7 Bh6 30. Bxh6 Nxh6 31. a4 Nd2 32. f4 Nxf1 33. Kxf1 exf4 34. gxf4 g5 35. a5 gxf4 36. a6 Nf7 37. Nd4 Ne5 38. Rb7 R6f7 39. a7 Kh7 40. Rb8 Rxe7 41. a8=Q Rxb8 42. Qxb8 Ng6 43. Qxd6 Ra7 44. Nxe6 f3 45. Kf2 Nh4 46. Kg3 1-0


[Site "https://www.chess.com"]

[Event "Titled Tuesday Blitz May 24 Early 2022"]
[White "Bas Mas, Jose Joaquin"]
[Black "Melikyan, Gnel"]
[WhiteFideId "22219064"]
[BlackFideId "54109990"]
[WhiteElo "2233"]
[BlackElo "1772"]
[Result "0-1"]
[Round "05"]
[TimeControl "180+1"]
[Date "2022.05.25"]
[WhiteClock "0:01:17"]
[BlackClock "0:02:04"]

1. e4 c5 2. Nc3 Nc6 3. Bb5 g6 4. Bxc6 dxc6 5. d3 Bg7 6. f4 Nf6 7. Nf3 O-O 8. O-O b6 9. Qe1 Bg4 10. Qh4 e6 11. f5 exf5 12. Bg5 Bxf3 13. Rxf3 Qd4+ 14. Kh1 Ng4 15. h3 Ne5 16. Rf2 f6 17. Bd2 g5 18. Qg3 f4 19. Bxf4 gxf4 20. Rxf4 Kh8 21. Raf1 Rg8 22. Qh4 Ng6 0-1


[Site "https://www.chess.com"]

[Event "Titled Tuesday Blitz May 24 Early 2022"]
[White "Bellissimo, Joseph F."]
[Black "Wagner, Dennis"]
[WhiteFideId "2609843"]
[BlackFideId "24650684"]
[WhiteElo "2555"]
[BlackElo "2719"]
[Result "1-0"]
[Round "05"]
[TimeControl "180+1"]
[Date "2022.05.25"]
[WhiteClock "0:00:09"]
[BlackClock "0:00:03"]

1. e4 c5 2. Nf3 d6 3. d4 cxd4 4. Qxd4 Nf6 5. Bg5 Nc6 6. Bb5 Qa5+ 7. Nc3 Qxb5 8. Nxb5 Nxd4 9. Nfxd4 Nxe4 10. Nc7+ Kd7 11. Nxa8 Nxg5 12. Nb5 b6 13. Nxa7 Bb7 14. Nxb6+ Kc7 15. Nc4 Bxg2 16. Nb5+ Kd7 17. Kd2 Bxh1 18. Rxh1 g6 19. a4 Bg7 20. a5 Kc6 21. Nc3 Kc5 22. Nb6 e6 23. h4 Nf3+ 24. Ke3 Bxc3 25. bxc3 Ne5 26. Rb1 Re8 27. Kf4 Re7 28. a6 Ra7 29. Na4+ Kc6 30. Rb6+ Kc7 31. Kg5 Nd7 32. Rb4 Rxa6 33. Kh6 Ra5 34. Kxh7 Rf5 35. f4 Rh5+ 36. Kg7 Rf5 37. Nb2 Nf6 38. Nd3 Nh5+ 39. Kf8 e5 40. fxe5 dxe5 41. Re4 Kd6 42. Ra4 f6 43. c4 Nf4 44. c5+ Kc6 45. Ra6+ Kc7 46. Nb4 Ne6+ 47. Rxe6 Rf4 48. Nd5+ Kd7 49. Rd6+ Kc8 50. Nxf4 1-0


[Site "https://www.chess.com"]

[Event "Titled Tuesday Blitz May 24 Early 2022"]
[White "Bluebaum, Matthias"]
[Black "Nakamura, Hikaru"]
[WhiteFideId "24651516"]
[BlackFideId "2016192"]
[WhiteElo "2556"]
[BlackElo "2850"]
[Result "0-1"]
[Round "05"]
[TimeControl "180+1"]
[Date "2022.05.24"]
[WhiteClock "0:00:56"]
[BlackClock "0:01:48"]

1. d4 Nf6 2. c4 e6 3. Nc3 Bb4 4. e3 O-O 5. Bd3 c5 6. Ne2 d5 7. cxd5 cxd4 8. exd4 Nxd5 9. O-O Nc6 10. a3 Bd6 11. Re1 Qh4 12. g3 Qh5 13. Nxd5 exd5 14. Bf4 Be7 15. h4 Bg4 16. Qd2 h6 17. Be3 g5 18. Bc2 f5 19. Nc3 Rad8 20. hxg5 Bf3 0-1


[Site "https://www.chess.com"]

[Event "Titled Tuesday Blitz May 24 Early 2022"]
[White "Bocharov, Dmitry"]
[Black "Oparin, Grigoriy"]
[WhiteFideId "4138716"]
[BlackFideId "24125890"]
[WhiteElo "2541"]
[BlackElo "2665"]
[Result "1-0"]
[Round "05"]
[TimeControl "180+1"]
[Date "2022.05.24"]
[WhiteClock "0:00:08"]
[BlackClock "0:00:02"]

1. d4 Nf6 2. c4 e6 3. Nf3 b6 4. g3 Bb7 5. Bg2 Bb4+ 6. Bd2 a5 7. O-O O-O 8. Bf4 Be7 9. Qc2 Na6 10. Nc3 Nb4 11. Qb1 d5 12. a3 Na6 13. Ne5 Qc8 14. Rc1 Rd8 15. cxd5 exd5 16. Nd3 c5 17. Be5 Qd7 18. Nf4 Nc7 19. Na4 Qc6 20. dxc5 bxc5 21. Qc2 Na6 22. Nc3 Nc7 23. Rd1 Rac8 24. Rac1 Qe8 25. Bxf6 Bxf6 26. Ncxd5 Nxd5 27. Nxd5 Bxd5 28. Rxd5 c4 29. e3 g6 30. h4 c3 31. b4 axb4 32. axb4 Rxd5 33. Bxd5 Qd7 34. Bf3 Rb8 35. Rb1 Kg7 36. Be4 h5 37. Bd3 Rd8 38. Bf1 Qc7 39. b5 Rd2 40. Qe4 Qb6 41. Qc6 Bd8 42. Qxc3+ Bf6 43. Qxd2 1-0


[Site "https://www.chess.com"]

[Event "Titled Tuesday Blitz May 24 Early 2022"]
[White "Borawski, Jakub"]
[Black "Perez Leiva, Jerzy Jesus"]
[WhiteFideId "1143000"]
[BlackFideId "3524337"]
[WhiteElo "2020"]
[BlackElo "2287"]
[Result "1/2-1/2"]
[Round "05"]
[TimeControl "180+1"]
[Date "2022.05.25"]
[WhiteClock "0:00:03"]
[BlackClock "0:00:04"]

1. e4 e5 2. Nf3 Nc6 3. Bb5 a6 4. Ba4 Nf6 5. O-O Be7 6. Re1 b5 7. Bb3 d6 8. c3 Na5 9. Bc2 c5 10. h3 Qc7 11. d4 Bd7 12. Nbd2 O-O 13. Nf1 Rfc8 14. d5 c4 15. g4 Nb7 16. Ng3 Nc5 17. Nf5 Bxf5 18. gxf5 g6 19. Kh1 Kh8 20. fxg6 fxg6 21. Ng5 Rf8 22. Be3 Nh5 23. Rg1 Qd7 24. Qg4 Qxg4 25. hxg4 Nf4 26. Bxf4 Rxf4 27. Nh3 Rf3 28. Kg2 Raf8 29. Rgf1 Bh4 30. Rae1 Nd3 31. Bxd3 cxd3 32. Rd1 h5 33. g5 a5 34. Rd2 a4 35. b3 a3 36. c4 bxc4 37. bxc4 Rc8 38. Rc1 Rxh3 39. Kxh3 Bxg5 40. Rcd1 Bxd2 41. Rxd2 Rxc4 42. Rxd3 Rxe4 43. Rxa3 Rd4 44. Ra5 g5 45. Rb5 Rd3+ 46. Kg2 Kg7 47. a4 Kf6 48. a5 e4 49. a6 Ra3 50. Rb6 Ke5 51. Rb8 Rxa6 52. Rh8 h4 53. Rg8 Kf4 54. Rf8+ Kg4 55. Re8 Ra4 56. Re6 Kf5 57. Rxd6 Ra2 58. Re6 Rd2 59. Re8 Rxd5 60. Rf8+ Kg4 61. Re8 Kf4 62. Rf8+ Rf5 63. Re8 Re5 64. Rf8+ Kg4 65. Rf7 h3+ 66. Kh2 Rf5 67. Re7 Rxf2+ 68. Kg1 Rg2+ 69. Kh1 Kf4 70. Rxe4+ Kg3 71. Rg4+ Kf2 72. Rf4+ Ke1 73. Re4+ Re2 74. Rg4 Re5 75. Kh2 Kf2 76. Kxh3 Kf3 77. Ra4 Re1 78. Ra3+ Kf2 79. Ra2+ Kf3 80. Ra3+ Re3 81. Rxe3+ Kxe3 82. Kg4 Ke4 83. Kxg5 1/2-1/2


[Site "https://www.chess.com"]

[Event "Titled Tuesday Blitz May 24 Early 2022"]
[White "Bortnyk, Olexandr"]
[Black "Keymer, Vincent"]
[WhiteFideId "14120828"]
[BlackFideId "12940690"]
[WhiteElo "2723"]
[BlackElo "2548"]
[Result "1/2-1/2"]
[Round "05"]
[TimeControl "180+1"]
[Date "2022.05.24"]
[WhiteClock "0:00:01"]
[BlackClock "0:00:06"]

1. d4 Nf6 2. Nc3 d5 3. Bf4 c5 4. e4 Nxe4 5. Nxe4 dxe4 6. dxc5 Qa5+ 7. c3 Qxc5 8. Qa4+ Nc6 9. Qxe4 g6 10. Be3 Qf5 11. Qxf5 Bxf5 12. O-O-O Bg7 13. Bb5 O-O 14. Nf3 Rfc8 15. Bxc6 bxc6 16. Rhe1 e5 17. Nd2 Be6 18. f3 a5 19. a4 Rab8 20. Kc2 f6 21. g4 Kf7 22. b3 Rd8 23. c4 f5 24. h3 Rd7 25. Nb1 Rdb7 26. Nd2 Bf8 27. Rb1 h5 28. gxh5 gxh5 29. Bg5 Bg7 30. h4 Rd7 31. Rbd1 Bf6 32. Re2 Rbd8 33. Bxf6 Kxf6 34. Rde1 Bf7 35. Nf1 Re7 36. Kc3 f4 37. Nd2 Bg6 38. Ne4+ Bxe4 39. Rxe4 Rg8 40. b4 Rg3 41. bxa5 c5 42. Rf1 Kf5 43. Kc2 Rxf3 44. Rxe5+ Kxe5 45. Rxf3 Ke4 46. Rf1 Ra7 47. Re1+ Kd4 48. Rd1+ Ke3 49. Re1+ Kf2 50. Re5 Rxa5 51. Rxh5 f3 52. Rf5 Kg3 53. h5 f2 54. h6 Rxa4 55. Kd3 Ra3+ 56. Ke2 Ra2+ 57. Ke3 Ra3+ 58. Ke2 Ra2+ 59. Ke3 Ra3+ 60. Ke2 1/2-1/2


[Site "https://www.chess.com"]

[Event "Titled Tuesday Blitz May 24 Early 2022"]
[White "Boyer, Mahel"]
[Black "Garv Gaur"]
[WhiteFideId "45102422"]
[BlackFideId "45030839"]
[WhiteElo "2784"]
[BlackElo "2519"]
[Result "0-1"]
[Round "05"]
[TimeControl "180+1"]
[Date "2022.05.25"]
[WhiteClock "0:00:10"]
[BlackClock "0:00:24"]

1. e4 c6 2. d4 d5 3. Nd2 dxe4 4. Nxe4 Bf5 5. Ng3 Bg6 6. Nh3 Nf6 7. Nf4 e5 8. dxe5 Qxd1+ 9. Kxd1 Ng4 10. Ke1 Bxc2 11. Bd3 Bxd3 12. Nxd3 Nd7 13. f4 Nc5 14. Nxc5 Bxc5 15. Ne4 Bb4+ 16. Ke2 O-O-O 17. h3 Nh6 18. g4 Rhe8 19. a3 Bf8 20. Be3 f5 21. Nf2 Kb8 22. Rhd1 Be7 23. Kf3 Bh4 24. Nd3 g5 25. fxg5 fxg4+ 26. hxg4 Rf8+ 27. Ke4 Nxg4 28. Bf4 Kc8 29. Rd2 Rxd3 30. Kxd3 Rxf4 31. Re2 Bxg5 32. e6 Kd8 33. Rae1 Ke7 34. Kc3 Bf6+ 35. Kc2 Ne5 36. Rxe5 Bxe5 37. Rxe5 Rf6 38. Rg5 Kxe6 39. Rg8 Rf7 40. Kd3 Kf6 41. Kd4 Rg7 42. Rh8 Kg5 43. Ke5 h5 44. b4 h4 45. a4 Kg4 46. Kf6 Rd7 47. Ke6 Rd4 48. Rg8+ Kf3 49. Rf8+ Rf4 50. Rh8 Rxb4 51. a5 Kg3 52. Rg8+ Rg4 53. Rh8 h3 54. Rh7 h2 55. Kd6 Rh4 56. Rg7+ Kf2 57. Rf7+ Ke3 58. Re7+ Kd4 59. Rh7 Rxh7 60. a6 h1=Q 61. axb7 Qd5# 0-1


[Site "https://www.chess.com"]

[Event "Titled Tuesday Blitz May 24 Early 2022"]
[White "Bryakin, Mikhail"]
[Black "Bachmann, Axel"]
[WhiteFideId "4165314"]
[BlackFideId "3700488"]
[WhiteElo "2417"]
[BlackElo "2587"]
[Result "0-1"]
[Round "05"]
[TimeControl "180+1"]
[Date "2022.05.24"]
[WhiteClock "0:00:24"]
[BlackClock "0:00:20"]

1. e4 d6 2. d4 Nf6 3. Nc3 g6 4. f3 c6 5. a4 Bg7 6. Be3 Qa5 7. Qd2 Nbd7 8. Nge2 b5 9. g4 b4 10. Nd1 Nb6 11. b3 c5 12. h4 h5 13. g5 Nfd7 14. Nf2 O-O 15. Rd1 Ba6 16. Ng3 cxd4 17. Bxd4 Ne5 18. Be2 Nd3+ 19. Bxd3 Bxd4 20. Bxa6 Bc3 21. Bd3 Qe5 22. Ne2 Bxd2+ 23. Rxd2 Nd7 24. O-O Rac8 25. Kg2 Nc5 26. Bb5 Ne6 27. Nd3 Qg7 28. Nxb4 f6 29. Bd7 Nc5 30. Bxc8 Rxc8 31. Ng3 fxg5 32. hxg5 Ne6 33. Nd5 h4 34. Ne2 Nxg5 35. c4 Rf8 36. Ndc3 h3+ 37. Kg3 Qe5+ 38. f4 Nxe4+ 39. Kh2 Qf5 40. Rd5 Qe6 41. Nxe4 Qxe4 42. Ng3 Qg2# 0-1


[Site "https://www.chess.com"]

[Event "Titled Tuesday Blitz May 24 Early 2022"]
[White "Buscar, Michael"]
[Black "Steenbekkers, Franck"]
[WhiteFideId "2603616"]
[BlackFideId "1004220"]
[WhiteElo "2010"]
[BlackElo "2020"]
[Result "1-0"]
[Round "05"]
[TimeControl "180+1"]
[Date "2022.05.25"]
[WhiteClock "0:00:25"]
[BlackClock "0:00:42"]

1. e4 e6 2. b3 d5 3. exd5 exd5 4. Bb2 c5 5. Nf3 Nf6 6. d4 Nc6 7. Be2 Bg4 8. Nbd2 cxd4 9. Nxd4 Bxe2 10. Qxe2+ Be7 11. O-O O-O 12. N2f3 Ne4 13. Rad1 Bf6 14. c4 Re8 15. Qc2 Rc8 16. Qb1 Qa5 17. Nxc6 bxc6 18. cxd5 cxd5 19. Bxf6 Nxf6 20. Nd4 Re4 21. Nf5 h6 22. Rfe1 Rce8 23. Rxe4 dxe4 24. Ne3 Re5 25. Nc4 Qc5 26. Nxe5 Qxe5 27. h3 g5 28. Qa1 Qf4 29. Qd4 g4 30. g3 Qf3 31. hxg4 Nxg4 32. Rf1 e3 33. Qf4 exf2+ 34. Rxf2 Qxf2+ 35. Qxf2 Nxf2 36. Kxf2 Kg7 37. Kf3 Kf6 38. Kf4 a5 39. a3 Ke6 40. b4 axb4 41. axb4 f6 42. b5 h5 43. b6 Kd6 44. Kf5 Kc6 45. Kxf6 Kxb6 46. Kg5 Kc6 47. Kxh5 Kd6 48. Kg6 Ke7 49. Kg7 Ke6 50. g4 Ke5 51. g5 Kf5 52. g6 1-0


[Site "https://www.chess.com"]

[Event "Titled Tuesday Blitz May 24 Early 2022"]
[White "Cervantes Landeiro, Thalia"]
[Black "Wagh Suyog"]
[WhiteFideId "3520498"]
[BlackFideId "25071688"]
[WhiteElo "2514"]
[BlackElo "2766"]
[Result "1-0"]
[Round "05"]
[TimeControl "180+1"]
[Date "2022.05.25"]
[WhiteClock "0:00:25"]
[BlackClock "0:00:02"]

1. d4 b6 2. e4 Bb7 3. Bd3 e6 4. c4 g6 5. Nc3 Bg7 6. Be3 h6 7. f4 d6 8. Nf3 a6 9. O-O Nd7 10. f5 e5 11. fxg6 fxg6 12. d5 Qe7 13. b4 g5 14. Nd2 Ngf6 15. Qe2 O-O 16. Nb3 Rf7 17. Rac1 Raf8 18. c5 bxc5 19. bxc5 Nxc5 20. Nxc5 dxc5 21. Na4 Bc8 22. Bxc5 Qe8 23. Bxf8 Qxf8 24. h3 Qb4 25. Nc5 g4 26. Ne6 gxh3 27. gxh3 Bxe6 28. dxe6 Re7 29. Rb1 Qd4+ 30. Kh2 Kh7 31. Rg1 Rxe6 32. Qg2 Nh5 33. Be2 Re7 34. Bxh5 Qd8 35. Rbf1 Qd6 36. Rf7 Rxf7 37. Bxf7 Qf6 38. Bg6+ Kh8 39. Rb1 Bf8 40. Rf1 Qe7 41. Qf3 Kg7 42. Bh5 c5 43. Rg1+ Kh8 44. Qf5 Bg7 45. Qc8+ Bf8 46. Rf1 Kg8 47. Bf7+ Kg7 48. Bd5 Kh8 49. Rxf8+ 1-0


[Site "https://www.chess.com"]

[Event "Titled Tuesday Blitz May 24 Early 2022"]
[White "Chen, Qi b"]
[Black "Vasquez Schroeder, Rodrigo"]
[WhiteFideId "8614733"]
[BlackFideId "3400042"]
[WhiteElo "2432"]
[BlackElo "2567"]
[Result "0-1"]
[Round "05"]
[TimeControl "180+1"]
[Date "2022.05.24"]
[WhiteClock "0:00:01"]
[BlackClock "0:00:53"]

1. d4 Nf6 2. c4 g6 3. Nc3 Bg7 4. Nf3 O-O 5. e3 d6 6. Be2 c5 7. O-O cxd4 8. Nxd4 Nc6 9. b3 Nxd4 10. exd4 d5 11. Bf3 Be6 12. c5 Ne4 13. Bb2 f5 14. Qd3 Bf7 15. Rad1 Qd7 16. Rfe1 Rfd8 17. Na4 Rac8 18. Ba1 Qc7 19. Be2 Qf4 20. f3 Nf6 21. Bf1 Qc7 22. b4 Be8 23. Nc3 b6 24. a4 bxc5 25. bxc5 Rb8 26. Re6 Rb4 27. Rde1 Ne4 28. fxe4 dxe4 29. Qh3 Bxd4+ 30. Kh1 Qxc5 31. Nb5 Bxb5 32. axb5 Bxa1 33. Rxa1 Rbd4 34. Qe3 Kf7 35. Rea6 R8d7 36. h3 Kg7 37. Qg5 R4d6 38. Rxd6 Qxd6 39. Qe3 Qe5 40. Rxa7 f4 41. Qb6 Rd1 42. Qf2 e3 43. Qe2 Rd2 44. Qc4 e2 45. Bxe2 Rxe2 46. Kh2 f3+ 0-1


[Site "https://www.chess.com"]

[Event "Titled Tuesday Blitz May 24 Early 2022"]
[White "Cherniaiev, Tykhon"]
[Black "Tari, Aryan"]
[WhiteFideId "14182360"]
[BlackFideId "1510045"]
[WhiteElo "2289"]
[BlackElo "2567"]
[Result "1-0"]
[Round "05"]
[TimeControl "180+1"]
[Date "2022.05.24"]
[WhiteClock "0:00:18"]
[BlackClock "0:00:04"]

1. Nf3 g6 2. d4 Nf6 3. c4 Bg7 4. g3 c5 5. Bg2 cxd4 6. Nxd4 Qc7 7. b3 O-O 8. O-O Rd8 9. Bb2 d5 10. cxd5 Nxd5 11. Nb5 Qb6 12. Bxg7 Kxg7 13. Qd4+ Qxd4 14. Nxd4 Nb4 15. Nb5 Nc2 16. Nc7 Nxa1 17. Na3 Nc6 18. Nxa8 Bf5 19. e4 Bg4 20. f3 Bd7 21. Nc7 Rc8 22. Nd5 e6 23. Ne3 Nb4 24. Rxa1 b5 25. Rd1 Be8 26. Rd2 Rc1+ 27. Kf2 Ra1 28. Bf1 a6 29. Bd3 Nxd3+ 30. Rxd3 Rxa2+ 31. Nac2 b4 32. Rd2 Rb2 33. Nc4 Rxb3 34. Na5 Rb2 35. Ke3 Bb5 36. Nd4 Ra2 37. Rxa2 1-0


[Site "https://www.chess.com"]

[Event "Titled Tuesday Blitz May 24 Early 2022"]
[White "Chernomordik, Pavel"]
[Black "Sismeiro, Miguel"]
[WhiteFideId "2804530"]
[BlackFideId "1950975"]
[WhiteElo "2220"]
[BlackElo "2031"]
[Result "0-1"]
[Round "05"]
[TimeControl "180+1"]
[Date "2022.05.25"]
[WhiteClock "0:00:02"]
[BlackClock "0:00:06"]

1. e4 g6 2. h4 d5 3. exd5 Qxd5 4. h5 Bg7 5. Nc3 Qa5 6. d4 Nc6 7. Be3 Bd7 8. h6 Bf6 9. Qd2 O-O-O 10. Bc4 Bg4 11. d5 Ne5 12. Be2 Bxe2 13. Qxe2 Rxd5 14. f4 Nc6 15. Qc4 e6 16. Ne2 Nge7 17. Kf2 Rh5 18. g4 Rxh1 19. Rxh1 Rd8 20. a3 Nd5 21. b4 Nxe3 22. Kxe3 Qb6+ 23. Kf3 Nd4+ 24. Kg3 Nxc2 25. Ne4 Qe3+ 26. Kg2 Nd4 27. Re1 Qxe4+ 28. Kh3 Qf3+ 29. Ng3 Qxf4 30. Rc1 Be5 0-1


[Site "https://www.chess.com"]

[Event "Titled Tuesday Blitz May 24 Early 2022"]
[White "Chuemsakul, Sarocha"]
[Black "Hamley, Ryan"]
[WhiteFideId "6203710"]
[BlackFideId "30959497"]
[WhiteElo "1703"]
[BlackElo "2535"]
[Result "0-1"]
[Round "05"]
[TimeControl "180+1"]
[Date "2022.05.25"]
[WhiteClock "0:00:02"]
[BlackClock "0:00:20"]

1. d4 g6 2. c4 Bg7 3. e4 c5 4. d5 d6 5. Nc3 Nf6 6. Bd3 O-O 7. Nge2 a6 8. O-O e6 9. h3 exd5 10. exd5 Re8 11. Be3 Nbd7 12. Nf4 Rb8 13. a4 Ne5 14. Be2 Bf5 15. g4 Bd7 16. Qd2 Bxg4 17. hxg4 Nfxg4 18. Ng2 Qd7 19. f4 Nxe3 20. Nxe3 Qh3 21. Rf2 Nd7 22. Rf3 Qh5 23. Rg3 Qh4 24. Kg2 Qxf4 25. Rf1 Qd4 26. Qc1 Bh6 27. Ncd1 Ne5 28. Qc3 Qe4+ 29. Kg1 Bf4 30. Rg2 Nd7 31. Ng4 Be5 32. Nxe5 Nxe5 33. Bd3 Qxd3 34. Qxd3 Nxd3 35. Ne3 Rxe3 0-1


[Site "https://www.chess.com"]

[Event "Titled Tuesday Blitz May 24 Early 2022"]
[White "Clawitter, Craig"]
[Black "Stevens, Christian"]
[WhiteFideId "2023105"]
[BlackFideId "2604450"]
[WhiteElo "2222"]
[BlackElo "2479"]
[Result "0-1"]
[Round "05"]
[TimeControl "180+1"]
[Date "2022.05.25"]
[WhiteClock "0:00:04"]
[BlackClock "0:00:10"]

1. e4 c5 2. Nf3 e5 3. Nxe5 Qe7 4. d4 cxd4 5. Qxd4 Nc6 6. Nxc6 dxc6 7. Nc3 Nf6 8. Bg5 Qb4 9. Bxf6 gxf6 10. Qxf6 Rg8 11. O-O-O Be6 12. f4 Rg6 13. Qe5 Bg7 14. Qc7 Rc8 15. Qd6 Bxc3 16. bxc3 Qxc3 17. f5 Bxf5 18. Qd4 Qa3+ 19. Kb1 Be6 20. Bc4 Qb4+ 21. Bb3 Qxd4 22. Rxd4 Bxb3 23. axb3 Rxg2 24. Rhd1 Rc7 25. Rd8+ Ke7 26. Ra8 Rxh2 27. Rxa7 h5 28. Ra8 h4 29. Rh8 Ke6 30. Rd3 Rd7 31. Rh6+ Ke7 32. Rf3 Rdd2 33. Rh7 Rxc2 34. Rfxf7+ Kd6 35. Rd7+ Kc5 0-1


[Site "https://www.chess.com"]

[Event "Titled Tuesday Blitz May 24 Early 2022"]
[White "Costachi, Mihnea"]
[Black "Stepanencu, Nicodim-Cosmin"]
[WhiteFideId "1217518"]
[BlackFideId "1256220"]
[WhiteElo "2812"]
[BlackElo "2523"]
[Result "1-0"]
[Round "05"]
[TimeControl "180+1"]
[Date "2022.05.25"]
[WhiteClock "0:01:42"]
[BlackClock "0:00:02"]

1. Nf3 d5 2. b3 Nf6 3. Bb2 c6 4. e3 Bg4 5. Be2 Nbd7 6. O-O e6 7. h3 Bh5 8. c4 Bd6 9. d3 O-O 10. Nbd2 Qe7 11. a3 e5 12. b4 a5 13. c5 Bc7 14. e4 Rfd8 15. Re1 dxe4 16. dxe4 Nf8 17. Qc2 Ne6 18. g3 h6 19. Nc4 Bxf3 20. Bxf3 Nd4 21. Bxd4 Rxd4 22. Ne3 g6 23. Reb1 axb4 24. axb4 Rxa1 25. Rxa1 Rxb4 26. Ra8+ Kg7 27. Qd2 Qxc5 28. Kg2 Nxe4 29. Bxe4 Rxe4 30. Qd7 Qd6 31. Qe8 Kf6 32. Qh8+ Ke7 33. Re8+ Kd7 34. Rc8 Ke7 35. Ng4 Rxg4 36. hxg4 Qd5+ 37. Kh2 Bd6 38. Re8+ Kd7 39. Ra8 Kc7 40. Qd8# 1-0


[Site "https://www.chess.com"]

[Event "Titled Tuesday Blitz May 24 Early 2022"]
[White "Coto Mederos, Michel"]
[Black "Araujo Filho, Luiz Antonio Coel"]
[WhiteFideId "3508528"]
[BlackFideId "2130661"]
[WhiteElo "2427"]
[BlackElo "2260"]
[Result "1-0"]
[Round "05"]
[TimeControl "180+1"]
[Date "2022.05.25"]
[WhiteClock "0:00:33"]
[BlackClock "0:00:01"]

1. d4 f5 2. Bg5 g6 3. Nc3 Bg7 4. e4 fxe4 5. Nxe4 Nf6 6. Bd3 d5 7. Ng3 c6 8. Nf3 O-O 9. Qd2 a5 10. O-O-O Na6 11. Ne5 Nb4 12. Kb1 Nxd3 13. Qxd3 Ne4 14. Nxe4 dxe4 15. Qe3 a4 16. a3 Re8 17. Qxe4 Bf5 18. Qe2 Qd5 19. g4 1-0


[Site "https://www.chess.com"]

[Event "Titled Tuesday Blitz May 24 Early 2022"]
[White "D`Arruda, Ricardo D."]
[Black "Olafsson, Helgi"]
[WhiteFideId "100692"]
[BlackFideId "2300010"]
[WhiteElo "2499"]
[BlackElo "2463"]
[Result "0-1"]
[Round "05"]
[TimeControl "180+1"]
[Date "2022.05.25"]
[WhiteClock "0:00:04"]
[BlackClock "0:00:27"]

1. d4 Nf6 2. Nf3 d5 3. g3 c5 4. Bg2 cxd4 5. O-O h6 6. Nxd4 e5 7. Nf3 Nc6 8. c4 d4 9. e3 Be7 10. exd4 exd4 11. Bf4 O-O 12. Nbd2 Qb6 13. Nb3 Rd8 14. Ne5 Be6 15. c5 Qa6 16. Nxc6 bxc6 17. Re1 d3 18. Qd2 Qb5 19. Be3 Bxb3 20. axb3 Nd5 21. Bxd5 Rxd5 22. b4 Bf6 23. Ra5 Qc4 24. Rea1 Qb3 25. Rxa7 Rxa7 26. Rxa7 Bxb2 27. Bxh6 Rd8 28. Qf4 Bf6 29. Qe4 d2 30. Bxd2 Rxd2 31. Qxc6 Qd1+ 32. Kg2 Qe2 0-1


[Site "https://www.chess.com"]

[Event "Titled Tuesday Blitz May 24 Early 2022"]
[White "Darini, Pouria"]
[Black "Tregubov, Pavel V."]
[WhiteFideId "12502200"]
[BlackFideId "4115341"]
[WhiteElo "2743"]
[BlackElo "2607"]
[Result "1/2-1/2"]
[Round "05"]
[TimeControl "180+1"]
[Date "2022.05.25"]
[WhiteClock "0:00:03"]
[BlackClock "0:00:20"]

1. e4 e5 2. Nf3 Nf6 3. Nc3 Nc6 4. g3 Bc5 5. Bg2 d6 6. d3 O-O 7. O-O h6 8. a3 a6 9. b4 Ba7 10. Be3 Nd4 11. Bxd4 exd4 12. Ne2 c5 13. bxc5 dxc5 14. Rb1 b5 15. Nf4 Rb8 16. h4 c4 17. dxc4 Nxe4 18. Nd5 Be6 19. Nd2 Nxd2 20. Qxd2 bxc4 21. Rxb8 Qxb8 22. Ne7+ Kh8 23. Nc6 Qb6 24. Rd1 d3 25. cxd3 c3 26. Qxc3 Qxf2+ 27. Kh1 Bb6 28. d4 Bc7 29. d5 Bg4 30. Qb4 Re8 31. Qxg4 Bxg3 32. Rf1 Re1 33. Qc4 Bd6 34. Rxe1 Qxe1+ 35. Bf1 Qf2 36. Qe2 Qxh4+ 37. Kg1 Bc5+ 38. Kg2 Qg5+ 39. Kh1 Qxd5+ 40. Bg2 Qg5 41. Qe8+ Kh7 42. Qe4+ f5 43. Qf3 Qh4+ 44. Qh3 Qe1+ 45. Bf1 Qe4+ 46. Bg2 Qe1+ 47. Bf1 Qf2 48. Qg2 Qh4+ 49. Qh3 Qe4+ 50. Bg2 Qe1+ 1/2-1/2


[Site "https://www.chess.com"]